[Event "3rd HoliCup Lake City 2019"]
[Site "Udaipur"]
[Date "2019.03.29"]
[Round "3.11"]
[White "Pandey, Srishti"]
[Black "Dadwani, Sahil"]
[Result "1-0"]
[ECO "B20"]
[WhiteElo "2020"]
[BlackElo "1605"]
[Annotator "NA RC"]
[PlyCount "69"]
[EventDate "2019.??.??"]
[EventCountry "IND"]
[SourceTitle "playchess.com"]
[Source "ChessBase"]
[SourceQuality "1"]
[TimeControl "5400+30"]

1. e4 c5 2. b3 e6 3. Bb2 Nc6 4. Nf3 d6 5. Be2 Nf6 6. Nc3 Be7 7. O-O O-O 8. d4 cxd4 9. Nxd4 Nxd4 {[%emt 0:09:34] B83: Sicilian Scheveningen: 6 Be2, lines without ...a6} (9... a6 10. a4 Qc7 11. Bf3 Ne5 12. Be2 Rb8 13. f4 Nc6 14. Kh1 b6 15. Bf3 Bb7 16. Nde2 Rfd8 17. Ng3 {1-0 (31) Dourerassou,J (2580)-Mayer,P (2330) Le Port Marly 2013}) 10. Qxd4 Bd7 $146 ({Predecessor:} 10... e5 11. Qe3 Bg4 12. Bxg4 Nxg4 13. Qg3 Nf6 14. Rfe1 a6 15. Nd5 Nxd5 16. exd5 Bh4 17. Qg4 {½-½ (39) Neumann,F (678)-Popov,M (996) LSS email 2011}) 11. Rad1 Qc7 12. Rfe1 a6 13. Bf3 Bc6 14. Ne2 Rfd8 15. c4 Ne8 16. Qd2 Bf6 17. Nd4 g6 18. Bc3 a5 19. Bg4 Bd7 20. Bh3 Bg7 21. Kh1 d5 (21... a4 $11) 22. cxd5 exd5 23. Bxd7 ({Stronger than} 23. exd5 Bxh3 24. gxh3 Rxd5 $17) 23... Rxd7 24. Nb5 Qc5 25. Bxg7 Nxg7 {[%emt 0:01:05] [#]} ({Black should try} 25... Qxb5 26. Bb2 d4) 26. Nc3 $1 d4 27. Nd5 Kf8 (27... Rxd5 $142 28. exd5 Nf5) 28. Nf6 Rd6 29. e5 Rxf6 30. exf6 Ne6 $2 (30... Nh5 31. g4 Nxf6) 31. Qh6+ {[%emt 0:00:33] Double Attack} Ke8 32. Qxh7 Rd8 33. Qg8+ Kd7 34. Qxf7+ {[%emt 0:00:10] Double Attack} Kc8 35. Rc1 1-0

[Event "3rd HoliCup Lake City 2019"]
[Site "Udaipur"]
[Date "2019.03.29"]
[Round "3.12"]
[White "Mokashi, Rohit"]
[Black "Ashutosh, Kumar"]
[Result "1-0"]
[ECO "E10"]
[WhiteElo "1615"]
[BlackElo "1952"]
[Annotator "NA RC"]
[PlyCount "143"]
[EventDate "2019.??.??"]
[EventCountry "IND"]
[SourceTitle "playchess.com"]
[Source "ChessBase"]
[SourceQuality "1"]
[TimeControl "5400+30"]

1. d4 Nf6 2. Nf3 c5 3. d5 e6 4. c4 b5 5. Bg5 exd5 6. cxd5 d6 7. e4 {[%emt 0:01:50] E10: Blumenfeld Gambit} (7. e3 a6 8. a4 b4 9. Nbd2 Be7 10. Nc4 Bb7 11. Bxf6 Bxf6 12. a5 O-O 13. Bd3 Qe7 14. O-O Nd7 {0-1 (38) Delchev,A (2629)-Mamedyarov,S (2733) Porto Carras 2011}) 7... a6 8. h3 $146 ({Predecessor:} 8. a4 $16 Be7 9. Bxf6 Bxf6 10. axb5 Bxb2 11. Ra2 Bf6 12. bxa6 Qb6 13. Nbd2 O-O 14. Bc4 Bxa6 15. O-O Nd7 16. Qc2 Bxc4 17. Nxc4 {½-½ (54) Illescas Cordoba,M (2618)-Tikkanen,H (2559) Tromsoe 2014}) 8... Be7 9. Bxf6 Bxf6 10. Qc2 (10. a4 $1 $11 {keeps the balance.}) 10... O-O 11. Nbd2 Re8 (11... c4 $17 12. Rc1 Nd7) 12. Be2 ({Better is} 12. a4 $15) 12... Nd7 13. a4 bxa4 14. Rxa4 Rb8 15. Ra2 Bb7 16. Nc4 Nb6 17. O-O Nxc4 18. Bxc4 Qe7 19. Re1 Bc8 20. b3 Rb6 21. Ra4 g6 22. Re2 Bg7 23. Qd3 f5 (23... Qc7 $11) 24. Bxa6 $2 (24. e5 $1 $16) 24... fxe4 $2 (24... Bd7 $15 {keeps the upper hand.} 25. Raa2 fxe4) 25. Raxe4 ({White has to play} 25. Rexe4 $18 Qd7 26. Rxe8+ Qxe8 27. Bxc8 Qxc8 28. Qe3) 25... Bxa6 26. Rxe7 Rxe7 27. Qxa6 $1 Rxa6 28. Rxe7 Ra1+ 29. Re1 $1 Ra3 30. Rb1 ({Better is} 30. Re8+ $16 Kf7 31. Re6) 30... Bc3 (30... Bh6 $11 {keeps the balance.}) 31. Ng5 Ra2 32. Ne4 Be5 33. Kf1 h6 $1 $11 34. Ke1 (34. h4 $16) 34... Kg7 35. Kf1 ({White should play} 35. g3 $14) 35... g5 36. g4 Kf7 37. Re1 Bf4 38. Rb1 Ke7 39. b4 c4 (39... cxb4 $1 $14 40. Rxb4 Ra7) 40. b5 Kd8 41. b6 Ra8 42. Rb4 Rb8 43. Rxc4 $2 (43. Ke2 $18 {has better winning chances.}) 43... Rxb6 44. Rd4 Rb2 (44... Be5 $14 45. Ra4 Rb7) 45. Rd3 Be5 {[%emt 0:00:22] [#]} (45... Ke7 $14) 46. Kg2 ({Better is} 46. Ng3 $1 $16) 46... Rb4 {[%emt 0:00:27] [#]} (46... Ke7 $14) 47. Ng3 $1 Rf4 (47... Ke7 $18 48. Nf5+ Kf6) 48. Ne2 Rc4 $1 $11 49. Ng3 ({White should play} 49. Rf3 $16) 49... Rf4 $1 {[%emt 0:04:08] [#]} 50. Ne2 $2 ({White should play} 50. Rf3 $1 $18) 50... Rf6 $2 51. Rf3 Rg6 52. Rf5 Kc7 53. f4 Bf6 54. fxg5 hxg5 55. Ng3 Be5 (55... Kd7 {might work better.} 56. Ne4 Be7) 56. Ne4 Bf4 {[%emt 0:00:04] [#]} (56... Kb6 $142 57. Kf3 Rh6 58. Nxg5 Rh8) 57. h4 $1 Bc1 58. Nxg5 Kb6 59. Kf3 Kc5 60. Ne4+ Kd4 61. Rf6 (61. g5 $142 Rg8 62. Nxd6) 61... Rxf6+ (61... Rg8 $18 62. Rxd6 Rh8) 62. Nxf6 Ke5 63. g5 Kf5 64. Ne8 Ba3 65. Kg3 Bb4 66. Kf3 $2 (66. Ng7+ {mates} Kg6 67. Ne6 Be1+ 68. Kg4 Kf7 69. h5 Kg8 70. Kf5 Bd2 71. g6) 66... Ba3 $1 67. Ke3 Bc5+ 68. Kd3 Ba3 69. Kc4 $18 (69. Ng7+ $142 Kg6 70. Ne6 Kf5 71. Nd4+ Kg6 72. Ne6 Bc1 73. Ke4 Ba3 74. Nf4+ Kf7 75. Nd3) 69... Bc5 70. Kb5 Bf2 71. Nxd6+ Ke5 72. g6 {[%emt 0:00:38] Ke4} 1-0

[Event "3rd HoliCup Lake City 2019"]
[Site "Udaipur"]
[Date "2019.03.29"]
[Round "3.13"]
[White "Shubham, Shukla"]
[Black "Pingale, Shivraj"]
[Result "0-1"]
[ECO "C17"]
[WhiteElo "1948"]
[BlackElo "1600"]
[Annotator "NA RC"]
[PlyCount "114"]
[EventDate "2019.??.??"]
[EventCountry "IND"]
[SourceTitle "playchess.com"]
[Source "ChessBase"]
[SourceQuality "1"]
[TimeControl "5400+30"]

1. e4 e6 2. d4 d5 3. Nc3 Bb4 4. e5 c5 5. f4 (5. a3 Ba5 6. dxc5 Bxc3+ 7. bxc3 Qc7 8. Be3 Qxe5 9. Qd4 Nc6 10. Bb5 Qxd4 11. Bxc6+ bxc6 12. cxd4 Ne7 13. Nf3 Ng6 14. h4 h5 {½-½ (29) Aronian,L (2765)-Vitiugov,N (2719) St Petersburg 2018}) 5... Nc6 6. Nf3 {[%emt 0:00:23] C17: French: 3 Nc3 Bb4 4 e5 c5 sidelines} Bxc3+ 7. bxc3 Qa5 $146 ({Predecessor:} 7... Nge7 8. Bd3 Bd7 9. O-O c4 10. Be2 h5 11. Be3 Nf5 12. Bf2 Qe7 {0-1 (30) Shimamura Silva,F (1418)-Stadler Pezzini,L (1743) Florianopolis 2017}) 8. Bd2 Qa4 (8... c4 $11) 9. dxc5 Qa5 {[%emt 0:03:32] [#]} 10. c4 (10. Nd4 $1 $16) 10... Qxc5 11. cxd5 exd5 12. Rb1 a6 13. Bd3 Nge7 14. Qe2 Rb8 15. Be3 d4 16. Bd2 Bf5 17. O-O O-O 18. Nh4 (18. Ng5 $16) 18... Bxd3 19. cxd3 f6 20. exf6 Rxf6 21. f5 b5 22. Bg5 Rf7 23. Rbc1 Qd5 24. g4 Rbf8 25. Ng2 Qd6 {[%emt 0:08:16] [#]} (25... h6 $16 26. Bh4 g5) 26. Bh4 (26. Nf4 $1 $18) 26... Nd5 27. Bg3 Qd7 28. Rc5 Nce7 29. Re1 Rc8 (29... h5 $11) 30. Rxc8+ Qxc8 31. Qe4 Qc5 {[%emt 0:04:01] [#]} (31... g6 $16 {was called for.}) 32. Bf2 (32. Nf4 $1 $18 {is more deadly.}) 32... Nc6 (32... h5 $142) 33. Qe8+ Rf8 {[%emt 0:00:05] [#]} 34. Qd7 (34. Qe6+ $142 $1 Kh8 35. Bg3) 34... Nf6 (34... Nd8 $16 {might work better.}) 35. Qe6+ Kh8 36. h3 h6 37. Nf4 Rd8 $2 (37... Kh7) 38. Qf7 $2 (38. Ng6+ $18 {is more deadly.} Kh7 39. Qf7) 38... Rg8 (38... Ne5 {was worth a try.} 39. Ne6 Nxf7 40. Nxc5 Kg8) 39. Kg2 ({Weaker is} 39. Ng6+ Kh7 $16) (39. Bh4 $18 {and the rest is easy.} Qc3 40. Ng2 (40. Ng6+ Kh7 $16)) 39... Kh7 $2 (39... Nd8 $16 40. Qe7 Qc6+ 41. Kg3 Re8) 40. Qg6+ $2 ({Weaker is} 40. Ne6 Qd5+ 41. Kg3 Qd6+ 42. Nf4 Rf8 $14) (40. Re6 $18 {is more deadly.} Ne5 41. Qe7 Qxe7 42. Rxe7) 40... Kh8 41. g5 $2 (41. Kf1 $11) 41... Ne5 42. Rxe5 Qxe5 43. Kf3 Nd5 44. Bg3 Qe3+ 45. Kg4 Nxf4 46. Bxf4 Qe2+ 47. Kh4 Qf3 48. Qd6 Qxd3 49. Qe5 hxg5+ 50. Bxg5 Qf3 51. f6 Qf2+ 52. Kh5 Qf3+ 53. Kh4 Qf2+ 54. Kh5 Qf3+ $2 (54... Kh7 $19 55. fxg7 Qf3+ {[%mdl 64] Double Attack} 56. Kh4 d3) 55. Kh4 gxf6 56. Bxf6+ Kh7 57. Qe6 Qf4+ 0-1

[Event "3rd HoliCup Lake City 2019"]
[Site "Udaipur"]
[Date "2019.03.29"]
[Round "3.14"]
[White "Bhagyashree, Patil"]
[Black "Arun, Rathi"]
[Result "0-1"]
[ECO "B06"]
[WhiteElo "1609"]
[BlackElo "1939"]
[Annotator "NA RC"]
[PlyCount "62"]
[EventDate "2019.??.??"]
[EventCountry "IND"]
[SourceTitle "playchess.com"]
[Source "ChessBase"]
[SourceQuality "1"]
[TimeControl "5400+30"]

1. e4 g6 2. d4 Bg7 3. Nf3 d6 4. Bd3 Nf6 5. O-O O-O 6. h3 c6 7. c4 Nbd7 8. Nc3 e5 9. d5 c5 (9... cxd5 $14 10. cxd5 (10. exd5 b5 $11) 10... Nc5) 10. Ne2 {[%emt 0:03:11] E90: King's Indian: Classical: Early deviations and 6 h3} (10. Rb1 h6 11. Re1 Nh7 12. Qc2 Kh8 13. Bd2 b6 14. b4 cxb4 15. Nb5 Nc5 16. Bxb4 f5 17. Rbd1 f4 {0-1 (68) Le,Q (2739)-Aronian,L (2799) Saint Louis 2017}) 10... Nh5 $146 ({Predecessor:} 10... Qe7 11. g4 b5 12. cxb5 a6 13. Ng3 Nb6 14. bxa6 Qa7 15. Be3 Bxa6 16. Bxa6 Qxa6 17. b3 Rfb8 {½-½ (58) Haug,J (2401)-Ivanisevic,I (2570) Porto Mannu 2018}) 11. g4 Qf6 12. Kg2 Nf4+ 13. Nxf4 exf4 14. Qd2 g5 15. Rb1 Re8 (15... h5 $5) 16. b3 Qe7 17. Bb2 Be5 18. Bxe5 Nxe5 19. Nxe5 Qxe5 20. f3 Bd7 21. a3 a5 22. a4 (22. Qb2 $11 {keeps the balance.}) 22... Kg7 23. Qb2 Kf6 24. Qf2 h5 25. Rh1 ({Of course not} 25. gxh5 Rh8 $17) ({White should try} 25. Rg1 $15) 25... Rh8 26. Rbg1 Rh6 27. h4 $2 (27. Qe1 $17 {keeps fighting.}) 27... hxg4 28. hxg5+ Qxg5 29. Rxh6+ Qxh6 30. fxg4 $2 (30. Rh1 gxf3+ 31. Qxf3 Rg8+ 32. Kf1) 30... Rg8 31. Kf3 {[%emt 0:03:20] [#]} (31. Kf1 $142 Qh3+ 32. Ke2 Rxg4 33. Rxg4 Bxg4+ 34. Kd2) 31... Bxg4+ {[%emt 0:01:36] Rh1 [%clk 0:13:52]} 0-1

[Event "3rd HoliCup Lake City 2019"]
[Site "Udaipur"]
[Date "2019.03.29"]
[Round "3.15"]
[White "Kadam, Om Manish"]
[Black "Bhat, Sanjay"]
[Result "0-1"]
[ECO "C60"]
[WhiteElo "1920"]
[BlackElo "1592"]
[Annotator "NA RC"]
[PlyCount "70"]
[EventDate "2019.??.??"]
[EventCountry "IND"]
[SourceTitle "playchess.com"]
[Source "ChessBase"]
[SourceQuality "1"]
[TimeControl "5400+30"]

1. e4 e5 2. Nf3 Nc6 3. Bb5 g6 4. c3 a6 5. Ba4 Bg7 6. d4 {[%emt 0:00:04] C70: Ruy Lopez: 3...a6 4 Ba4, Norwegian and Delayed Schliemann} exd4 7. cxd4 b5 8. Bc2 Nge7 (8... d6 9. h3 Nf6 10. O-O O-O 11. Nc3 Bb7 12. Re1 Re8 13. Bg5 {0-1 (64) Sevian,S (2647)-Dreev,A (2670) chess.com INT 2019}) 9. O-O O-O 10. h3 d6 11. a4 b4 12. Be3 $146 ({Predecessor:} 12. d5 Na5 13. Nbd2 {0-1 (40) Boel,M (2219)-Cherniaev,A (2439) London 2016}) 12... Na5 13. Nbd2 Bb7 14. Rc1 h6 15. Re1 Qd7 16. Nf1 Nc4 17. Qd3 Nxe3 ({Avoid the trap} 17... Nxb2 $2 18. Qb3 $18 {[%mdl 64] Double Attack, Trapped Piece}) 18. Nxe3 a5 19. b3 Ba6 20. Qd2 c5 (20... Bb7 $14) 21. dxc5 Bc3 (21... Rad8 {was called for.}) 22. Qxd6 Qa7 23. Ng4 Kg7 24. Re3 Rad8 25. Qf4 Ng8 26. Rxc3 bxc3 27. Qe5+ f6 28. Qxc3 Bc8 29. Ne3 Ne7 30. Nd4 Qc7 31. Nb5 Qf4 (31... Qe5 {was worth a try.} 32. Qxa5 Qxc5) 32. Nd6 Nc6 33. Nd5 $4 (33. Bd3 $18) 33... Qxc1+ 34. Kh2 Be6 35. Nb7 Rxd5 $19 {[%emt 0:08:58] Kg1 [%clk 0:20:58]} 0-1

[Event "3rd HoliCup Lake City 2019"]
[Site "Udaipur"]
[Date "2019.03.29"]
[Round "3.16"]
[White "Anil, Shivpuri"]
[Black "Suvankar, Maity"]
[Result "0-1"]
[ECO "D00"]
[WhiteElo "1605"]
[BlackElo "1911"]
[Annotator "NA RC"]
[PlyCount "134"]
[EventDate "2019.??.??"]
[EventCountry "IND"]
[SourceTitle "playchess.com"]
[Source "ChessBase"]
[SourceQuality "1"]
[TimeControl "5400+30"]

1. d4 d5 2. Bf4 e6 3. e3 Nf6 4. c3 Bd6 5. Bg3 (5. Nd2 O-O 6. Bd3 Bxf4 7. exf4 c5 8. Ngf3 cxd4 9. Nxd4 Qc7 10. Ne2 b6 11. O-O Ba6 12. Nf3 Bxd3 13. Qxd3 {½-½ (30) Rakhmanov,A (2641)-Grandelius,N (2641) Linares 2016}) 5... Ne4 6. Bd3 {[%emt 0:00:12] D00: 1 d4 d5: Unusual lines} Nxg3 7. hxg3 h6 8. Nf3 Nd7 9. Nbd2 e5 (9... c5 $11) 10. dxe5 Nxe5 11. Nxe5 Bxe5 12. Nf3 (12. f4 $5 Bd6 13. Qf3 $11) 12... Bf6 13. Bc2 $146 c6 14. Qd3 Qb6 15. Rb1 Bg4 16. Nd4 O-O-O 17. Bd1 Bd7 18. b4 g6 19. a4 a6 20. Be2 h5 21. Kd2 Rde8 22. a5 Qc7 23. Bf3 Re7 24. Rb2 $11 {[%emt 0:00:43] remains equal.} Qe5 25. Nb3 Qc7 ({Black should try} 25... Qd6 $15) 26. Nc5 Bf5 27. Qf1 $1 Rd8 28. Nb3 $2 {[%emt 0:02:19] [#]} ({Better is} 28. Qc1 $15) 28... Rd6 $2 ({Weaker is} 28... Qe5 29. Nd4 $17) (28... Bxc3+ $1 $19 29. Kxc3 {[#]} Rxe3+ $1 30. fxe3 Qe5+ {[%mdl 64] Double Attack} 31. Kd2 Qxb2+ {[%mdl 64] Double Attack} 32. Ke1 Qxb3 {[%mdl 64] Double Attack}) 29. Nd4 Bd7 30. Be2 Kd8 31. Bd3 Ke8 32. Qb1 Bg7 33. Rh4 Kf8 34. Qd1 Bf6 35. Rh1 Bg7 (35... Bg4 $17 36. Be2 Bd7) 36. Rh4 $1 Bc8 37. Rc2 Bh6 38. Nb3 Rf6 39. Kc1 {[%emt 0:05:53] [#]} Rxf2 $1 40. Rxf2 Bxe3+ ({Resist} 40... Qxg3 41. Rhf4 $15) 41. Rd2 Qxg3 42. Rh1 Qxg2 $1 {[%emt 0:01:17] Pin} 43. Kc2 Bxd2 44. Nxd2 Bg4 45. Qg1 {[%emt 0:02:08] [#]} Qxg1 $1 46. Rxg1 f5 47. Nf1 Kf7 48. Kd2 Kf6 49. Nh2 Kg5 50. Nf3+ Kf4 51. Nh4 Re6 52. Rf1+ (52. c4 {keeps fighting.}) 52... Kg3 53. Rh1 Rf6 54. Ke1 g5 55. Rg1+ Kxh4 56. Kf2 Bh3 57. Re1 Rf7 58. Kf3 f4 59. Re5 Rf6 60. Kf2 Re6 61. Rxe6 Bxe6 62. Kf3 Kh3 63. Bf1+ {[%emt 0:01:44] [#]} Kh2 $1 64. Kf2 Bf5 65. c4 dxc4 66. Bxc4 g4 67. Bf1 Be4 0-1

[Event "3rd HoliCup Lake City 2019"]
[Site "Udaipur"]
[Date "2019.03.29"]
[Round "3.17"]
[White "Dr, Sanjay Date"]
[Black "Anchit, Vyas"]
[Result "0-1"]
[ECO "B08"]
[WhiteElo "1605"]
[BlackElo "1890"]
[Annotator "NA RC"]
[PlyCount "103"]
[EventDate "2019.??.??"]
[EventCountry "IND"]
[SourceTitle "playchess.com"]
[Source "ChessBase"]
[SourceQuality "1"]
[TimeControl "5400+30"]

1. e4 d6 2. d4 g6 3. Nf3 Nf6 4. Nc3 Bg7 5. Be2 O-O 6. O-O c6 7. h3 Nbd7 8. Be3 e5 9. Qd2 Qe7 10. dxe5 dxe5 11. Bh6 Nc5 12. Bxg7 Kxg7 13. Qe3 a5 14. a4 Nh5 15. Bc4 Nf4 16. Kh2 f6 17. Rad1 Be6 18. Bxe6 Nfxe6 19. Rd2 Rfd8 20. Rfd1 Rxd2 21. Rxd2 Rd8 22. Rxd8 Qxd8 23. Qd2 Nd4 24. Kh1 Nce6 25. Ng1 Kf7 26. Nge2 Nxe2 27. Qxe2 Qd4 28. g3 Qb4 29. Qd3 Ke7 30. b3 Qd4 31. Qe3 Qxe3 32. fxe3 Kd6 33. h4 Kc5 34. Na2 b5 35. axb5 cxb5 36. Kg2 a4 37. Kf2 Nd8 38. bxa4 bxa4 39. Ke2 Kc4 40. Kd2 Nc6 41. c3 Kb3 42. Nc1+ Kb2 43. Nd3+ Kb1 44. c4 a3 45. Nc1 Na5 46. c5 Nc4+ 47. Kd1 Nxe3+ 48. Kd2 Nc4+ 49. Kd1 a2 50. Nxa2 Kxa2 51. c6 Nb6 52. Ke2 0-1

[Event "3rd HoliCup Lake City 2019"]
[Site "Udaipur"]
[Date "2019.03.29"]
[Round "3.18"]
[White "Gupta, Dinesh"]
[Black "Devesh, Mukherjee"]
[Result "1-0"]
[ECO "B41"]
[WhiteElo "1593"]
[BlackElo "1884"]
[Annotator "NA RC"]
[PlyCount "101"]
[EventDate "2019.??.??"]
[EventCountry "IND"]
[SourceTitle "playchess.com"]
[Source "ChessBase"]
[SourceQuality "1"]
[TimeControl "5400+30"]

1. e4 c5 2. Nf3 e6 3. d4 cxd4 4. Nxd4 a6 5. a3 Nf6 6. Nc3 Qc7 7. Be2 Be7 8. Be3 Nc6 9. f4 d6 {[%emt 0:00:18] B48: Sicilian: Taimanov: 5 Nc3 Qc7 6 Be3 a6 without Be2} 10. Bf3 Nxd4 (10... O-O $11) 11. Bxd4 e5 12. Be3 exf4 13. Bxf4 Be6 {[%emt 0:00:04] [#]} 14. O-O $146 ({Predecessor:} 14. Qd4 Nd7 15. O-O-O Ne5 16. Qa4+ {1-0 (40) Naiditsch,A (2698)-Qu,Y (2146) Jiangmen 2018}) 14... O-O 15. Kh1 Nd7 16. Nd5 Bxd5 $1 17. exd5 Bf6 18. Rb1 b5 19. Be4 Rfe8 20. Bd3 Nc5 21. Rf3 Na4 {[%emt 0:10:52] [#]} ({Better is} 21... Be5 $15) 22. c3 $2 (22. Bxh7+ $1 $18 Kxh7 23. Rh3+ Kg8 24. Qh5) 22... g6 23. Bc2 (23. Rf2 $11 {keeps the balance.}) 23... Nb6 24. a4 Bg7 25. axb5 axb5 26. Bd3 Nc4 27. Bc1 (27. b3 $1 $14 {stays ahead.} Na3 28. Rc1) 27... Qb7 28. b3 Ne5 29. Rf1 Qxd5 30. Be2 Qc5 31. Bb2 (31. Qd4 $142) 31... Re7 32. c4 b4 33. Bd4 Qc7 34. Qd2 Rb8 35. Rbc1 Nd7 36. Bxg7 Kxg7 37. Bf3 Nc5 38. Bd5 Rf8 39. Qxb4 Re3 40. Rf3 Qe7 41. Qd2 Rxf3 42. gxf3 Qe5 43. f4 Qf6 44. Rb1 $1 Re8 45. b4 Ne4 46. Qe3 Nc3 $2 (46... Qf5 $15 {keeps the upper hand.} 47. Rc1 Nf6) 47. Qxe8 Nxb1 {[%emt 0:00:04] [#]} 48. b5 $1 Na3 $18 (48... Nc3 {keeps fighting.}) 49. Qxf7+ Qxf7 50. Bxf7 Kxf7 51. b6 1-0

[Event "3rd HoliCup Lake City 2019"]
[Site "Udaipur"]
[Date "2019.03.29"]
[Round "3.19"]
[White "Sarthak, Rawat"]
[Black "Shivshankar, Iyer S"]
[Result "1-0"]
[ECO "B33"]
[WhiteElo "1883"]
[BlackElo "1590"]
[Annotator "NA RC"]
[PlyCount "55"]
[EventDate "2019.??.??"]
[EventCountry "IND"]
[SourceTitle "playchess.com"]
[Source "ChessBase"]
[SourceQuality "1"]
[TimeControl "5400+30"]

1. e4 c5 2. Nf3 Nc6 3. d4 cxd4 4. Nxd4 Nf6 5. Nc3 e5 6. Ndb5 d6 7. Bg5 a6 8. Na3 b5 9. Bxf6 gxf6 10. Nd5 f5 11. Bd3 Be6 12. c3 Bg7 13. Qf3 (13. Qh5 $14) 13... Bxd5 $1 {[%emt 0:14:52] B33: Sicilian: Pelikan and Sveshnikov Variations} (13... b4 14. Nc4 bxc3 15. bxc3 f4 16. O-O O-O 17. Ncb6 Ra7 18. Rab1 Kh8 19. h3 Rg8 20. Rfd1 Bf8 21. Bc4 {1-0 (37) Mitrovic,D (2342)-Djokic,N (2369) Valjevo 2010}) 14. exd5 e4 {[%emt 0:00:15] Double Attack} 15. Qg3 Rg8 $2 ({But not} 15... exd3 16. dxc6 Qe7+ 17. Qe3 $11) (15... Be5 $15 {keeps the upper hand.} 16. Qh3 Ne7) 16. O-O $2 $146 (16. Bxb5 $1 $16 axb5 17. dxc6) ({Predecessor:} 16. Qh3 Ne7 17. Be2 Nxd5 18. Qxh7 Ne7 19. Nc2 Qa5 20. Nb4 Kf8 21. Qh4 {1-0 (39) Winter,J (2115)-Krupa,M (2251) Lubawka 2006}) 16... Ne7 17. Bc2 Be5 ({Much weaker is} 17... Nxd5 $6 18. Rad1 $16) 18. Qh3 Nxd5 (18... Qd7 $15) 19. Qxf5 Qh4 (19... Bxh2+ $1 $11 {keeps the balance.} 20. Kh1 (20. Kxh2 Qh4+ 21. Kg1 Rxg2+ 22. Kxg2 Nf4+ 23. Kg1 Ne2+ 24. Kg2 Nf4+ 25. Kg1 Ne2+ 26. Kg2 Nf4+ $11) 20... Be5) 20. g3 Bxg3 21. fxg3 Rxg3+ 22. Kh1 Rh3 23. Qxe4+ Kd7 24. Rxf7+ Kc6 25. Qxh4 Rxh4 26. Re1 Kb6 27. Bb3 Nf4 28. Re4 $18 1-0

[Event "3rd HoliCup Lake City 2019"]
[Site "Udaipur"]
[Date "2019.03.29"]
[Round "3.20"]
[White "Bhawesh, Pandiyar"]
[Black "Awadh, Chaitanya"]
[Result "0-1"]
[ECO "B32"]
[WhiteElo "1588"]
[BlackElo "1882"]
[Annotator "NA RC"]
[PlyCount "43"]
[EventDate "2019.??.??"]
[EventCountry "IND"]
[SourceTitle "playchess.com"]
[Source "ChessBase"]
[SourceQuality "1"]
[TimeControl "5400+30"]

1. e4 c5 2. Nf3 Nc6 3. d4 cxd4 4. Nxd4 Qc7 5. Be3 a6 (5... Nf6 6. Nc3 e6 7. f3 a6 8. Qd2 b5 9. g4 h6 10. Nxc6 dxc6 11. O-O-O e5 12. h4 Be6 13. Bh3 Rd8 14. Qf2 Rxd1+ 15. Rxd1 Nd7 16. Kb1 Be7 17. f4 exf4 18. Bxf4 {½-½ (29) Adams,M (2716)-Anand,V (2781) Linares 1999}) 6. Nd2 {[%emt 0:02:16] B32: Sicilian: Löwenthal and Kalashnikov Variations} Nf6 7. Be2 (7. Nxc6 $11 bxc6 8. Bd3) 7... e6 (7... Nxd4 $15 8. Bxd4 e5) 8. O-O d5 $146 ({Predecessor:} 8... b5 9. c3 Bb7 10. Qc2 d5 11. Nxc6 Bxc6 12. Bf3 Bd6 13. h3 O-O 14. Rad1 Qb7 15. exd5 Nxd5 {0-1 (37) Ke,R (1562)-Meiyappan,A (1658) Pocos de Caldas 2017}) 9. f3 (9. Nxc6 $11 bxc6 10. exd5) 9... Bd6 10. f4 (10. Nxc6 $1 $15 bxc6 11. f4) 10... dxe4 11. c4 Nxd4 12. Bxd4 Bxf4 13. Bxf6 gxf6 14. Nxe4 Bxh2+ 15. Kh1 f5 16. Bh5 (16. Qa4+ $17 Kf8 17. Qa3+ (17. Nf6 $2 Be5 $19) 17... Kg7 18. g3 fxe4 19. Kxh2) 16... O-O ({Worse is} 16... Qxc4 17. Nf6+ Ke7 {[%mdl 64] Trapped Piece} 18. Qe1 $11) 17. Qd2 f6 ({Inferior is} 17... fxe4 18. Qg5+ Kh8 19. Qf6+ {[%mdl 64] Double Attack} Kg8 20. Qg5+ Kh8 21. Qf6+ {[%mdl 64] Double Attack} Kg8 22. Qg5+ $11) 18. Nxf6+ $2 (18. g3 {keeps fighting.}) 18... Rxf6 19. Qg5+ Qg7 20. Qxg7+ Kxg7 21. Kxh2 Rh6 $19 22. Kg1 0-1

[Event "3rd HoliCup Lake City 2019"]
[Site "Udaipur"]
[Date "2019.03.29"]
[Round "4.8"]
[White "Sharma, Harsh Yogesh"]
[Black "Pandey, Srishti"]
[Result "0-1"]
[ECO "A05"]
[WhiteElo "1582"]
[BlackElo "2020"]
[Annotator "NA"]
[PlyCount "98"]
[EventDate "2019.??.??"]
[EventCountry "IND"]
[SourceTitle "playchess.com"]
[Source "ChessBase"]
[SourceQuality "1"]
[TimeControl "5400+30"]

1. Nf3 Nf6 2. g3 b5 3. Bg2 Bb7 4. O-O e6 5. d4 Be7 6. b3 {[%emt 0:03:51] A46: 1 d4 Nf6 2 Nf3 e6: Torre, London and Colle Systems} (6. Bg5 d5 7. Nbd2 Nbd7 8. c3 c5 9. a4 a6 10. dxc5 Nxc5 11. axb5 axb5 12. Rxa8 Bxa8 13. Nd4 Qb6 14. e3 {½-½ (38) Kovacevic,B (2497)-Lenic,L (2657) Slovenia 2018}) 6... O-O 7. Bb2 d6 8. Nbd2 Nbd7 9. c4 a6 10. Re1 c5 11. e4 $146 ({Predecessor:} 11. Nh4 Bxg2 12. Nxg2 Qb6 13. e3 d5 14. cxd5 Nxd5 15. dxc5 Nxc5 {1-0 (69) Marson,J (2055)-Mameli,G (2015) Cagliari 2018}) 11... cxd4 12. Nxd4 Nc5 13. cxb5 axb5 14. e5 Nd5 15. exd6 Bf6 16. Ne4 Nxe4 17. Bxe4 Qxd6 18. Nxb5 Qb6 19. Bxf6 Nxf6 20. Bxb7 Qxb7 21. a4 Rfd8 22. Qe2 Nd5 23. Rac1 Qe7 24. Rc4 h6 25. Rec1 Qg5 26. Nc7 Rab8 27. Qf3 Nb4 28. R1c3 Qd2 29. Nb5 Nd3 30. Rc7 Ne5 31. Qe4 Nd3 32. Qf3 $11 f5 33. Rc2 Qe1+ 34. Kg2 Qe5 35. Qe2 Qd5+ 36. Kg1 Qxb3 37. Rd2 Qd5 38. Rcc2 e5 39. Nc7 Qd6 40. Ne6 Rb1+ 41. Kg2 Qd5+ 42. Kh3 Rg1 43. f3 Qxe6 44. Rxd3 Re8 45. Rd1 f4+ 46. g4 Rxd1 47. Qxd1 h5 48. Qg1 e4 49. fxe4 Qb3+ 0-1